AoeStats
← Unknown

Pilgrims

509498558Analyzed
3v3 RM · 6d ago on Sep 27, 2026· 33m 28s· 6 players
Game mode
Random Map
Map size
Normal (6 player)
Population
200
Speed
Normal
Resources
Standard
Victory
Conquest
Starting age
Dark Age
Ending age
Imperial Age
RankedLock teamsTeams togetherTeam positionsShared explorationLock speedFull tech treeHidden civsTurbo modeCheats
Victory
Defeat
🇺🇸 Spanish · United States
1323
+11
🇩🇪 Persians · Germany
1195
+17
🇦🇺 Vietnamese · Australia
1176
+17
🇦🇷 Malians · Argentina
1312
-19
🇵🇪 Huns · Peru
1185
-14
🇺🇾 Mongols · Uruguay
1136
-12
danielvera932
9:39 Loom
17:37 Feudal Age
24:11 Double-Bit Axe
29:25 Castle Age
29:08 Fletching
29:19 Padded Archer Armor
30:15 Wheelbarrow
29:29 Town Watch
32:10 Bodkin Arrow
32:15 Elite Skirmisher
Unknown
9:44 Feudal Age
13:45 Castle Age
13:01 Scale Barding Armor
14:58 Forging
16:32 Loom
19:05 Horse Collar
28:01 Wheelbarrow
31:18 Imperial Age
29:33 Marauders
30:58 Hand Cart
30:28 Town Watch
31:41 Chain Barding Armor
31:57 Iron Casting
32:01 Elite Tarkan
32:54 Husbandry
33:04 Bloodlines
El batis
5:18 Loom
10:38 Feudal Age
23:18 Castle Age
22:31 Gold Mining
23:22 Forging
24:48 Scale Barding Armor
27:30 Wheelbarrow
28:57 Fletching
28:57 Horse Collar
31:06 Bloodlines
Gladiator
12:31 Feudal Age
20:39 Castle Age
18:56 Double-Bit Axe
28:22 Fishing Lines
33:15 Imperial Age
Arik 007
4:36 Loom
18:54 Feudal Age
23:33 Castle Age
23:55 Scale Barding Armor
30:14 Bloodlines
31:01 Double-Bit Axe
31:01 Horse Collar
slow_baba
5:26 Loom
12:21 Feudal Age
20:34 Castle Age
21:35 Double-Bit Axe
22:22 Medium Warships
26:46 Scale Barding Armor
29:24 Husbandry
31:25 Chain Barding Armor
Connection lost

Rejoining the realm…

Still unreachable

The connection could not be restored.

Session expired

The server has moved on; the page needs a fresh start.